AoeStats
← muelaluis19

Arabia

510611352Analyzed
2v2 RM · 18h ago on Oct 1, 2026· 70m 56s· 4 players
Game mode
Random Map
Map size
Medium (4 player)
Population
200
Speed
Normal
Resources
Standard
Victory
Conquest
Starting age
Dark Age
Ending age
Imperial Age
RankedLock teamsTeams togetherTeam positionsShared explorationLock speedFull tech treeHidden civsTurbo modeCheats
Victory
Defeat
🇨🇴 Huns · Colombia
749
+15
🇨🇴 Muisca · Colombia
717
+15
🇲🇽 Georgians · Mexico
720
-15
🇵🇪 Bulgarians · Peru
710
-15
muelaluis19
10:21 Feudal Age
10:51 Double-Bit Axe
11:38 Loom
18:04 Scale Barding Armor
18:11 Forging
24:08 Castle Age
26:19 Gold Mining
27:44 Bow Saw
28:54 Stone Mining
28:36 Crossbowman
29:35 Horse Collar
30:38 Stone Shaft Mining
30:11 Husbandry
34:26 Fervor
40:01 Heavy Plow
43:16 Imperial Age
42:53 Wheelbarrow
43:01 Wheelbarrow
45:16 Crop Rotation
45:23 Elite Monaspa
47:55 Hoardings
49:12 Chain Barding Armor
49:27 Iron Casting
49:32 Hand Cart
49:55 Conscription
49:00 Capped Ram
51:28 Blast Furnace
51:04 Plate Barding Armor
52:20 Siege Ram
57:01 Onager
61:22 Padded Archer Armor
61:12 Fletching
Patt
11:43 Feudal Age
13:11 Double-Bit Axe
25:40 Castle Age
26:43 Stone Mining
29:19 Gambesons
29:35 Squires
28:55 Pikeman
29:23 Arson
31:51 Loom
32:44 Wheelbarrow
32:24 Forging
32:15 Scale Mail Armor
33:37 Iron Casting
36:03 Imperial Age
38:53 Padded Archer Armor
38:43 Fletching
39:11 Chain Mail Armor
39:56 Blast Furnace
38:58 Gold Mining
38:47 Elite Skirmisher
41:41 Capped Ram
44:08 Gold Shaft Mining
44:08 Stone Shaft Mining
43:57 Thumb Ring
43:51 Bodkin Arrow
44:11 Leather Archer Armor
44:27 Plate Mail Armor
44:55 Conscription
48:23 Halberdier
51:25 Ballistics
53:56 Horse Collar
59:52 Bracer
63:50 Chemistry
UniDavidUni
1:49 Loom
12:04 Feudal Age
12:41 Horse Collar
12:50 Double-Bit Axe
18:15 Castle Age
17:10 Gold Mining
17:57 Bloodlines
18:57 Heavy Plow
19:21 Bow Saw
24:27 Forging
24:29 Stone Mining
26:37 Scale Barding Armor
27:55 Padded Archer Armor
27:46 Fletching
29:26 Wheelbarrow
28:36 Town Watch
29:41 Leather Archer Armor
30:14 Husbandry
30:47 Hand Cart
31:31 Chain Barding Armor
32:31 Ballistics
32:11 Bodkin Arrow
32:57 Iron Casting
34:08 Gold Shaft Mining
40:09 Imperial Age
37:40 Town Patrol
38:53 Murder Holes
39:43 Marauders
39:38 Arson
39:57 Squires
41:55 Two-Man Saw
41:31 Conscription
41:33 Atheism
44:11 Chemistry
43:53 Parthian Tactics
42:50 Heavy Cavalry Archer
43:38 Thumb Ring
42:56 Light Cavalry
43:30 Hussar
45:13 Guilds
65:16 Cavalier
HuskyClub5
0:28 Loom
13:21 Feudal Age
14:58 Double-Bit Axe
15:47 Champi Runner
22:54 Castle Age
24:36 Elite Skirmisher
28:00 Herbalism
29:03 Fletching
29:18 Padded Archer Armor
30:15 Bodkin Arrow
31:08 Horse Collar
32:00 Heavy Plow
33:01 Bow Saw
33:48 Leather Archer Armor
35:15 Crossbowman
36:11 Squires
37:22 Ballistics
38:45 Gold Mining
38:45 Stone Mining
39:11 Treadmill Crane
39:51 Scale Mail Armor
41:13 Stone Shaft Mining
41:20 Gold Shaft Mining
41:32 Thumb Ring
42:02 Champi Warrior
42:19 Pikeman
43:41 Murder Holes
45:32 Wheelbarrow
45:50 Coinage
48:12 Devotion
50:47 Imperial Age
48:33 Hand Cart
49:45 Forging
49:59 Chain Mail Armor
51:19 Iron Casting
52:08 Crop Rotation
52:39 Two-Man Saw
52:40 Faith
55:52 Elite Guecha Warrior
56:53 Conscription
56:41 Huaracas
58:11 Plate Mail Armor
57:42 Bracer
57:05 Elite Champi Warrior
57:06 Elite Temple Guard
59:10 Huaracas
61:01 Elite Guecha Warrior
62:02 Conscription
62:51 Banking
63:35 Capped Ram
Connection lost

Rejoining the realm…

Still unreachable

The connection could not be restored.

Session expired

The server has moved on; the page needs a fresh start.